Map: Oxide LE

Players

RushQQ

  • Race: Zerg Zerg
  • League: Platinum
  • Spawn Location: 7:00

FLORENCIO - Winner!

  • Race: Terran Terran
  • League: Bronze
  • Spawn Location: 1:00

VOD

Have the link to the VOD?

Description

Time

  • Played on: March 20, 2021, 2:52 a.m.
  • Length: 20:56
Show
View Real Time Build Order
Export as new Build Order

RushQQ Zerg 

Build Orders: Hatch First 

Get SALT Encoding   

  12  0:01  Drone  
  13  0:11  Drone  
  14  0:17  Overlord  
  14  0:36  Drone x3  
  17  0:55  Hatchery, Drone  
  17  1:00  Drone  
  18  1:14  Spawning Pool  
  18  1:16  Extractor, Drone  
  17  1:21  Drone  
  18  1:30  Drone  
  19  1:42  Drone  
  20  1:52  Drone  
  21  2:06  Queen  
  21  2:07  Queen  
  25  2:08  Drone x2  
  27  2:20  Drone  
  23  2:44  Spine Crawler  
  22  2:53  Drone x2  
  22  2:54  Spine Crawler, Drone  
  22  2:55  Zergling x6  
  22  2:57  Metabolic Boost  
  27  3:08  Spine Crawler  
  26  3:17  Zergling x4  
  28  3:20  Overlord x2  
  23  3:50  Zergling x4  
  23  3:51  Zergling x4  
  23  3:53  Drone x2  
  21  4:37  Zergling x6  
  23  4:53  Baneling Nest  
  23  4:58  Zergling x4  
  23  4:59  Zergling x4  
  19  5:30  Zergling x2  
  19  5:31  Zergling x8  
  21  5:47  Zergling x4  
  23  5:53  Zergling x6  
  24  6:22  Zergling x10  
  29  6:32  Baneling x3  
  29  6:33  Baneling x2  
  29  6:36  Baneling  
  29  6:37  Baneling  
  29  6:39  Zergling x4  
  31  6:51  Drone  
  31  6:52  Drone x3  
  35  6:58  Hatchery  
  19  7:23  Drone x2  
  19  7:24  Drone x3  
  24  7:32  Drone  
  25  7:45  Roach Warren, Extractor, Drone  
  24  7:57  Drone x4  
  28  8:09  Queen  
  28  8:11  Drone x2  
  32  8:23  Drone x5  
  32  8:26  Lair  
  37  8:31  Drone  
  38  8:46  Burrow  
  38  8:48  Drone x2  
  39  8:49  Drone  
  39  8:53  Overlord x4  
  41  9:04  Drone  
  42  9:38  Tunneling Claws  
  42  9:45  Roach x9  
  60  9:52  Roach x6  
  72  9:56  Roach  
  74  10:12  Spine Crawler  
  74  10:13  Roach  
  75  10:16  Overlord x3  
  75  10:33  Spore Crawler  
  74  10:47  Spore Crawler  
  73  10:50  Spine Crawler  
  73  10:56  Glial Reconstitution  
  72  11:20  Roach x8  
  72  11:24  Hatchery  
  71  11:37  Roach x5  
  55  11:42  Hatchery  
  55  11:43  Hatchery  
  37  12:23  Queen  
  39  12:37  Queen  
  39  12:38  Infestation Pit  
  39  12:39  Drone x7  
  39  12:40  Drone x7  
  39  12:41  Drone x2  
  39  12:42  Drone  
  57  13:11  Queen  
  57  13:12  Drone  
  60  13:13  Drone x12  
  60  13:17  Extractor x2  
  60  13:19  Drone x3  
  73  13:20  Drone x3  
  73  13:23  Drone x5  
  73  13:24  Drone  
  82  13:33  Evolution Chamber  
  79  13:34  Evolution Chamber  
  79  13:39  Extractor  
  79  13:40  Extractor, Drone x4  
  79  13:41  Drone x4  
  81  13:46  Hive  
  81  13:47  Zergling x2  
  81  13:48  Zergling x6  
  88  13:53  Drone  
  89  14:01  Extractor  
  89  14:02  Extractor  
  87  14:03  Drone x3  
  87  14:04  Drone x3  
  87  14:07  Spore Crawler  
  87  14:09  Drone  
  93  14:10  Spine Crawler  
  93  14:11  Zergling x20  
  93  14:14  Baneling x6  
  93  14:15  Baneling x2  
  102  14:20  Queen  
  102  14:26  Zerg Melee Weapons Level 1, Zerg Ground Armor Level 1  
  102  14:43  Zergling x2  
  102  14:44  Zergling x14  
  102  14:45  Overlord  
  110  14:46  Overlord x8, Drone x6  
  110  14:48  Overseer x2  
  107  15:10  Zergling x2  
  107  15:11  Zergling x28  
  107  15:12  Zergling x4  
  86  15:27  Overseer x2  
  75  15:29  Zergling x2  
  75  15:30  Zergling x24  
  75  15:35  Drone  
  88  15:38  Drone  
  88  15:39  Drone x6  
  94  16:03  Drone x4  
  94  16:04  Spore Crawler, Drone x6  
  101  16:05  Spine Crawler, Drone  
  101  16:06  Spine Crawler  
  101  16:07  Drone x3  
  101  16:08  Drone x2  
  107  16:14  Spore Crawler  
  107  16:15  Spine Crawler, Drone x3  
  107  16:16  Drone x3  
  107  16:17  Spine Crawler, Drone x6  
  116  16:18  Drone  
  116  16:19  Drone  
  116  16:20  Drone  
  119  16:25  Ultralisk Cavern  
  119  16:28  Zerg Ground Armor Level 2, Zerg Melee Weapons Level 2  
  119  16:30  Zergling x10  
  110  16:46  Queen x2  
  69  17:16  Chitinous Plating  
  69  17:18  Ultralisk  
  69  17:19  Ultralisk x3  
  93  18:03  Spore Crawler, Drone x5  
  93  18:04  Spore Crawler, Drone x3  
  93  18:05  Spore Crawler, Drone  
  80  18:06  Spine Crawler, Spore Crawler, Drone x3  
  80  18:07  Drone x2  
  80  18:08  Drone x2  
  80  18:10  Queen  
  88  18:13  Zergling x8  
  88  18:19  Baneling  
  92  18:20  Baneling x3  
  62  19:08  Overlord  
  62  19:09  Overlord x7  
  52  19:28  Zergling x2  
  52  19:29  Zergling x8  
  50  19:40  Zergling x4  
  52  19:47  Zergling x2  
Show
View Real Time Build Order
Export as new Build Order

FLORENCIO Terran - Winner!

Build Orders:  

Get SALT Encoding   

  12  0:00  SCV  
  13  0:18  SCV  
  14  0:28  Supply Depot  
  14  0:30  SCV  
  15  0:49  SCV  
  16  0:53  Barracks  
  16  0:56  Barracks  
  16  1:01  SCV  
  16  1:03  Refinery  
  17  1:13  SCV  
  18  1:25  SCV  
  19  1:38  SCV  
  20  1:42  Supply Depot  
  20  1:45  Marine, Bunker  
  21  1:50  Bunker  
  21  1:52  Marine  
  22  1:54  SCV  
  23  2:03  Marine  
  24  2:15  Bunker  
  24  2:21  Marine, SCV  
  26  2:33  SCV  
  27  2:39  Marine  
  28  2:56  Marine  
  29  3:14  Marine  
  30  3:32  Marine  
  31  3:35  Command Center  
  31  3:36  Command Center  
  31  4:16  Bunker  
  31  4:20  Factory  
  31  4:21  Refinery  
  31  4:23  Supply Depot  
  31  4:27  Factory  
  31  4:45  SCV, Command Center  
  32  4:48  Engineering Bay  
  32  4:57  SCV  
  29  5:28  Marine  
  28  5:34  Widow Mine x2  
  33  5:37  Planetary Fortress  
  33  5:50  Planetary Fortress  
  33  5:55  Widow Mine x2  
  37  6:10  Refinery  
  37  6:14  Planetary Fortress  
  37  6:15  Marine  
  37  6:16  Widow Mine x2  
  38  6:29  SCV x3  
  41  6:38  Widow Mine  
  43  6:41  SCV  
  43  6:42  SCV  
  43  6:45  Widow Mine  
  47  6:54  SCV x4  
  49  6:59  Widow Mine  
  53  7:06  SCV x4  
  55  7:15  Missile Turret  
  55  7:18  SCV  
  55  7:22  SCV x3  
  59  7:30  SCV, Factory Reactor x2  
  59  7:34  SCV x3  
  63  7:38  Starport  
  63  7:42  SCV  
  64  7:45  Refinery  
  64  7:46  SCV x3  
  67  7:54  SCV  
  67  7:57  Refinery  
  67  7:58  Missile Turret, SCV x3, Refinery  
  70  8:02  Missile Turret  
  71  8:06  SCV  
  71  8:11  Missile Turret  
  71  8:12  Missile Turret  
  72  8:22  Widow Mine x2  
  76  8:30  Refinery  
  76  8:37  Refinery  
  76  8:42  Armory  
  76  8:43  Ghost Academy  
  76  8:49  Planetary Fortress  
  76  9:06  Command Center  
  76  9:17  Supply Depot x2  
  76  9:18  Supply Depot  
  76  9:19  Supply Depot  
  76  9:28  Command Center  
  76  9:32  Factory  
  76  9:34  Factory  
  76  9:38  Viking, SCV  
  76  9:39  SCV x3  
  76  9:43  Ghost Academy  
  82  9:47  Barracks Tech Lab  
  82  9:50  Missile Turret  
  82  9:51  Missile Turret, SCV x4  
  86  10:01  Widow Mine x4  
  86  10:03  SCV x4  
  98  10:15  SCV  
  98  10:17  Starport Tech Lab  
  99  10:23  Widow Mine  
  99  10:27  Sensor Tower, Factory Tech Lab x2  
  101  10:29  Widow Mine  
  101  10:30  Widow Mine x2  
  107  10:44  Widow Mine  
  109  10:50  Liberator  
  110  10:59  SCV x3  
  113  11:05  Neosteel Armor  
  113  11:07  Widow Mine x3  
  113  11:08  Widow Mine  
  121  11:19  SCV  
  121  11:22  Thor  
  121  11:24  Thor  
  134  11:30  Starport  
  134  11:31  Starport, SCV, Ghost  
  134  11:32  Starport  
  137  11:36  SCV  
  138  11:48  Missile Turret  
  138  11:52  Missile Turret  
  138  12:15  Corvid Reactor  
  138  12:16  Starport Tech Lab  
  138  12:17  Starport Tech Lab x2  
  138  12:22  Supply Depot x3  
  138  12:43  Thor, Raven x4  
  138  12:44  SCV, Thor, Command Center  
  153  12:45  Command Center  
  153  12:46  Ghost  
  153  12:48  Nuke  
  153  12:50  Personal Cloaking  
  161  12:56  SCV  
  162  13:12  Missile Turret  
  162  13:13  Missile Turret  
  162  13:15  Missile Turret  
  162  13:22  Supply Depot  
  162  13:23  Supply Depot  
  162  13:28  Command Center x2  
  162  13:40  Supply Depot  
  162  13:43  SCV, Medivac  
  162  13:44  Ghost, Widow Mine x2, Supply Depot, Raven x2  
  162  13:45  Widow Mine, Supply Depot  
  177  13:56  SCV, Widow Mine x2, Medivac  
  177  13:57  Planetary Fortress  
  177  13:59  Planetary Fortress  
  184  14:08  SCV  
  185  14:13  Raven  
  185  14:15  Command Center  
  185  14:16  Nuke  
  187  14:35  Medivac x2  
  187  14:36  Raven  
  193  14:44  Supply Depot  
  193  14:56  Raven  
  183  15:30  Raven  
  183  15:31  Raven x2  
  189  15:36  Thor  
  189  15:39  Raven  
  197  15:55  Nuke x2  
  195  16:09  Planetary Fortress  
  195  16:12  Missile Turret  
  181  16:49  Thor x2  
  187  17:14  Ghost  
  183  17:20  SCV  
  184  17:27  Refinery x2  
  184  17:32  Thor x2  
  184  17:33  Command Center  
  196  17:42  Ghost  
  198  17:54  Raven  
  188  19:09  Ghost  
  190  19:11  Nuke x2  
  190  19:23  Thor  
  196  19:26  Planetary Fortress  
  196  19:37  Ghost  
  189  20:09  Thor x2  
Tags
 
Matchup
TvZ
Spawn Locations
Cross Positions
Add a new tag
Caveats
  • Supply blocks, unpowered buildings, or Contaminate may cause inaccurate times.
  • Supply counts are checked every 10 seconds.